AoeStats
← timmy_turner

Arabian Desert

509985989Analyzed
1v1 RM · 5d ago on Sep 28, 2026· 43m 6s· 2 players
Game mode
Random Map
Map size
Tiny (2 player)
Population
200
Speed
Normal
Resources
Standard
Victory
Conquest
Starting age
Dark Age
Ending age
Imperial Age
RankedLock teamsTeams togetherTeam positionsShared explorationLock speedFull tech treeHidden civsTurbo modeCheats
Victory
Defeat
🇺🇸 Ethiopians · United States
1622
+15
🇺🇸 Khitans · United States
1611
-15
timmy_turner
6:30 Loom
9:19 Feudal Age
9:27 Man-at-Arms
12:27 Double-Bit Axe
14:11 Padded Archer Armor
16:08 Fletching
18:38 Forging
25:13 Castle Age
25:51 Bodkin Arrow
25:17 Elite Skirmisher
26:40 Light Cavalry
27:50 Husbandry
28:36 Leather Archer Armor
30:02 Bow Saw
34:29 Ballistics
35:16 Wheelbarrow
36:06 Gold Mining
36:04 Domestication
40:04 Scale Barding Armor
40:34 Iron Casting
43:46 Imperial Age
a.salyers231
6:33 Loom
9:05 Feudal Age
9:42 Double-Bit Axe
12:03 Horse Collar
15:17 Fletching
16:00 Padded Archer Armor
21:33 Castle Age
20:42 Gold Mining
21:38 Crossbowman
22:16 Bodkin Arrow
30:01 Bow Saw
29:52 Heavy Plow
34:02 Wheelbarrow
38:37 Imperial Age
38:15 Ballistics
38:53 Thumb Ring
40:25 Chemistry
39:33 Bracer
39:28 Arbalester
40:49 Leather Archer Armor
Connection lost

Rejoining the realm…

Still unreachable

The connection could not be restored.

Session expired

The server has moved on; the page needs a fresh start.